 Dungeon Crawl Stone Soup version 0.31.0-11-ge490571c62 (webtiles) character file.

Game seed: 13950503757212978293

9 Gadfly the Trooper (level 2, 11/24 HPs)
             Began as a Demonspawn Monk on Jan 29, 2024.
             Quit the game on level 1 of the Dungeon.
             The game lasted 00:00:25 (390 turns).

Gadfly the Trooper (Demonspawn Monk)                 Turns: 390, Time: 00:00:25

Health: 11/24      AC:  2    Str: 11    XL:     2   Next: 3%
Magic:  2/2        EV: 13    Int: 10    God:
Gold:   0          SH:  0    Dex: 15    Spells: 1/1 levels left

rFire   . .          .
                       - Unarmed
rCold   . . .        c - orb {light}
rNeg    . . .        a - +0 robe
rPois   .            (no helmet)
rElec   .            (no cloak)
rCorr   .            (no gloves)
SInv    .            (no boots)
Will    .....        (no amulet)
Stlth   +            (no ring)
HPRegen 0.24/turn    (no ring)
MPRegen 0.16/turn

%: no passive effects
@: glowing
A: magic regeneration
a: no special abilities


You were on level 1 of the Dungeon.
You visited 1 branch of the dungeon, and saw 1 of its levels.

Inventory:

Armour
 a - a +0 robe (worn)
 c - an orb of light (worn)
Scrolls
 e - a scroll of torment {unknown}
 f - a scroll of identify {unknown}
Potions
 b - a potion of ambrosia
 d - a potion of heal wounds {unknown}


   Skills:
 + Level 3.0 Fighting
 + Level 2.7 Dodging
 * Level 2.8 Unarmed Combat
 * Level 0.5 Evocations
 * Level 0.6 Shapeshifting


You had one spell level left.
You didn't know any spells.
Your spell library was empty.

Dungeon Overview and Level Annotations

Branches:
Dungeon (1/15)

Altars:


Innate Abilities, Weirdness & Mutations

You regenerate magic rapidly.


Message History

You hit the jackal.
The jackal is moderately wounded.
The jackal barely misses you. The jackal misses you.
You barely miss the jackal.
The jackal is moderately wounded.
The jackal bites you. The jackal closely misses you.
You hit the jackal but do no damage.
The jackal is moderately wounded.
The jackal barely misses you.
The jackal bites you but does no damage.
The jackal bites you. x2
You are too injured to fight recklessly!
You are too injured to fight recklessly!
You are too injured to fight recklessly!
You are too injured to fight recklessly!
You are too injured to fight recklessly!
You are too injured to fight recklessly!
You are too injured to fight recklessly!
You are too injured to fight recklessly!
You are too injured to fight recklessly!
You are too injured to fight recklessly!
You are too injured to fight recklessly!
You are too injured to fight recklessly!
You are too injured to fight recklessly!
You are too injured to fight recklessly!
You are too injured to fight recklessly!
You are too injured to fight recklessly!
Unknown command.
The jackal attacks as it pursues you! The jackal barely misses you.
You hit the jackal.
You kill the jackal!
You have reached level 2!
Your demonic ancestry asserts itself...
Your magic begins to regenerate rapidly.
You barely miss the jackal. The jackal bites you.
The jackal closely misses you.
You hit the jackal.
The jackal is heavily wounded.
The jackal bites you.
Are you sure you want to abandon this character and quit the game? (Confirm with "yes".)

# #.# ##.## #. # #.# #.#
#. # #.# #.# #. # #.#
#+## #. # ###.### #...#
#. # #.....# #..... ## #
#.###.# #....!) ##.
###########.# #.##.......
####..
............###.@h.......
+.....
###########.....##.......
####.. #
####.#...##...... ##.
#........# #..... ##
#.####...# #...# ## ##
#.# ##### #+## ##. )# #.#
.# ##.# .# #.# ###.#####
#.## .# ##.## #.......#
##.#


You could see a jackal.

Vanquished Creatures
  2 bats (D:1)
  2 giant cockroaches (D:1)
  A goblin (D:1)
  A jackal (D:1)
  A ball python (D:1)
7 creatures vanquished.

Notes
Turn   | Place    | Note
-------+----------+-------------------------------------------
     0 | D:1      | Gadfly the Demonspawn Monk began the quest for the Orb.
     0 | D:1      | Reached XP level 1. HP: 18/18 MP: 1/1
   388 | D:1      | Gained mutation: You regenerate magic rapidly. [demonic
                  | ancestry]
   388 | D:1      | Reached XP level 2. HP: 12/24 MP: 2/2
   390 | D:1      | Quit the game

Illustrated notes

Levels and vault maps discovered:
D:1:      enne_arrival_octagon_isle, layout_loops_corners,
          hangedman_abyss_or_decor_lesser_grid

Action                     || total
---------------------------++-------
  Melee: Unarmed           ||    37
 Armour: Robe              ||    23
  Dodge: Dodged            ||    29
